 Dungeon Crawl Stone Soup version 0.21-a0-405-gf2af9a1 (webtiles) character file.

52 Hasart the Sneak (level 4, -1/27 HPs)
             Began as a Kobold Assassin on Nov 2, 2017.
             Killed by nerve-wracking pain
             ... invoked by Jessica
              (6 damage)
             ... on level 2 of the Dungeon.
             The game lasted 00:03:08 (1427 turns).

Hasart the Sneak (Kobold Assassin)                  Turns: 1427, Time: 00:03:08

Health: -1/27      AC:  5    Str:  9    XL:     4   Next: 8%
Magic:  4/4        EV: 15    Int: 12    God:
Gold:   72         SH:  0    Dex: 16    Spells: 3/3 levels left

rFire    . . .     SeeInvis .   b - +0 blowgun
rCold    . . .     Gourm    .   (shield restricted)
rNeg     . . .     Faith    .   c - +0 robe
rPois    .         Spirit   .   (no helmet)
rElec    .         Reflect  .   o - +2 cloak
rCorr    .         Harm     .   (no gloves)
MR       .....                  (no boots)
Stlth    +++.......             (no amulet)
HPRegen  0.09/turn              (no ring)
MPRegen  0.09/turn              (no ring)

@: no status effects
A: carnivore 3
a: no special abilities


You were on level 2 of the Dungeon.
You were completely stuffed.

You visited 1 branch of the dungeon, and saw 2 of its levels.

You collected 72 gold pieces.

Inventory:

Hand Weapons
 a - a +2 dagger
 b - a +0 blowgun (weapon)
Missiles
 e - 6 poisoned needles (quivered)
 f - 2 curare-tipped needles
Armour
 c - a +0 robe (worn)
 d - a +0 cloak
 o - a +2 cloak (worn)
Scrolls
 h - a scroll of immolation {unknown}
 j - a scroll of teleportation {unknown}
 k - a scroll of fog {unknown}
 m - 2 scrolls of remove curse {unknown}
 n - a scroll of fear {unknown}
 p - 2 scrolls of identify {unknown}
 u - a scroll of enchant weapon {unknown}
Potions
 i - a potion of curing {unknown}
 l - 2 potions of degeneration {unknown}
 q - a potion of magic {unknown}
 s - a potion of invisibility {unknown}
 v - a potion of lignification {unknown}
Comestibles
 g - 2 meat rations
 t - a royal jelly


   Skills:
 + Level 2.6 Fighting
 * Level 3.8 Short Blades
 + Level 2.7 Throwing
 + Level 2.0 Dodging
 + Level 5.7 Stealth


You had 3 spell levels left.
You didn't know any spells.

Dungeon Overview and Level Annotations

Branches:
Dungeon (2/15)

Altars:

Annotations:
D:2 Jessica


Innate Abilities, Weirdness & Mutations

You are small and have problems with some larger weapons.
You are carnivorous and can eat meat at any time.


Message History

Jessica misses you. x2
You hit Jessica but do no damage.
Jessica is heavily wounded.
Jessica gestures wildly while chanting.
Jessica blinks!
Jessica mumbles some strange words.
Jessica blinks!
e - 6 poisoned needles (gained 2) Jessica gestures at you while chanting.
Pain shoots through your body! Jessica casts a spell at you.
Pain shoots through your body!
* * * LOW HITPOINT WARNING * * *
Jessica points at you and mumbles some strange words.
You resist with some effort.
Wield which item (- for none, * to show all)? (? for menu, Esc to quit)
b - a +0 blowgun (weapon)
Jessica casts a spell at you. Pain shoots through your body!
You die...

##..#..####..†....^....#...#
#..###.# ########........###
###.## #...#........###....#
## .##.# ###....#######
#..).# #. .#..# ###..###
###### #. .#.## #..@.## #.
.#.# #...##..# #. ...#
#.#####.# #. ..## ... #@###
#. #.# .## #...# ## #.# #
###.# #.# .# #.# #.###.# ...
......# ...(. ......#
...)... ......# .........
#.##### #.......(.#


You could see Jessica.

Vanquished Creatures
  A worm (D:2)
  A dart slug (D:1)
  A leopard gecko (D:1)
  2 giant cockroaches
  6 goblins
  6 hobgoblins
  3 jackals (D:2)
  4 kobolds (D:1)
  3 ball pythons
  8 bats
  4 frilled lizards
  6 rats
45 creatures vanquished.

Notes
Turn   | Place    | Note
-------+----------+-------------------------------------------
     0 | D:1      | Hasart the Kobold Assassin began the quest for the Orb.
     0 | D:1      | Reached XP level 1. HP: 12/12 MP: 1/1
    48 | D:1      | Reached XP level 2. HP: 13/17 MP: 2/2
   354 | D:1      | Reached XP level 3. HP: 22/22 MP: 3/3
  1380 | D:2      | Noticed Jessica
  1391 | D:2      | Reached XP level 4. HP: 24/27 MP: 4/4
  1427 | D:2      | Killed from afar by Jessica

Vault maps used:
D:1:      grunt_arrival_crossed_arrows
D:2:      uniq_jessica

Skill      XL: |  1  2  3 |
---------------+----------+-----
Short Blades   | 3 |  3.8
Dodging        | 2 |  2.0
Fighting       | |  2.6
Throwing       | |  2.7
Stealth        | |  5.7

Action                   |  1- 3 |  4- 6 || total
-------------------------+-------+-------++-------
Melee: Dagger            |   144 |    23 ||   167
 Fire: Blowgun           |       |     4 ||     4
 Stab: Sleeping          |    13 |       ||    13
  Eat: Chunk             |    10 |       ||    10
Armor: Robe              |    31 |     1 ||    32
Dodge: Dodged            |   104 |    14 ||   118

Table legend:
 A = Spawn XP
 B = Non-spawn XP
 C = Spawn XP percentage of total XP
 D = Spawn monster count
 E = Non-spawn monster count
 F = Spawn count percentage of total count
 G = Total turns spent on level
                    A         B        C        D         E        F      G
               +---------+---------+-------+---------+---------+-------+---------
         Total |       0 |      75 |   0.0 |       0 |      45 |   0.0 |  1427
               +---------+---------+-------+---------+---------+-------+---------
           D:1 |       0 |      49 |   0.0 |       0 |      31 |   0.0 |   930
           D:2 |       0 |      26 |   0.0 |       0 |      14 |   0.0 |   497
               +---------+---------+-------+---------+---------+-------+---------
